[Event "*** Titled Tuesday Blitz"]
[Site "Chess.com"]
[Date "2019.03.05"]
[Round "6"]
[White "CzechmVIII"]
[Black "saraswathii"]
[Result "1/2-1/2"]
[WhiteElo "2136"]
[BlackElo "2264"]
[TimeControl "180+2"]
[EndTime "14:27:36 PST"]
[Termination "Game drawn by agreement"]

1. e4 c5 2. Nf3 e6 3. Nc3 Nc6 4. d4 cxd4 5. Nxd4 Nf6 6. Nxc6 bxc6 7. e5 Nd5 8. Ne4 f5 9. exf6 Nxf6 10. Nd6+ Bxd6 11. Qxd6 Qe7 12. Qxe7+ Kxe7 13. b3 e5 14. f4 e4 15. c4 d5 16. Bb2 Be6 17. Be2 Rad8 18.
Bd4 a5 19. c5 Kf7 20. O-O Rhe8 21. a3 Rb8 22. Rfb1 Rb7 23. b4 axb4 24. axb4 Reb8 25.
b5 cxb5 26. c6 Re7 27. Rxb5 Rc8 28. Rc5 Ne8 29. Ba6 Ra8 30. Bb7 Rxa1+ 31. Bxa1 Nd6 32. Be5 Nxb7 33. cxb7 Rxb7 34. Rc7+ Rxc7 35. Bxc7 d4 36. Be5 d3 37. Kf2 Bd5 38. Ke3 g6 39. g4 Ke6 40.
Kd2 g5 41. Ke3 Bb3 42. Bc3 gxf4+ 43. Kxf4 Kd5 44. Ke3 Bd1 45. g5 Bf3 46. Bf6 Ke6 47.
Bd8 Kf5 48. Be7 Kg4 49. Bd6 Kxg5 50. Bb8 Kg4 51. Bd6 Kh3 52. Bc7 Kg2 53. Bd6 h5 54. h4 Kf1 55. Bb4 Kg1 56. Ba5 Kg2 57. Bb4 Kg3 58.
Be7 Bg4 59. Bd8 Bf5 60. Be7 Kg4 61. Bd8 Be6 62. Be7 Kf5 63. Bd8 Ke5 64. Ba5 Kd5 65. Bc3 Kc4 66. Ba5 Bd5 67. Be1 Kb3 68. Ba5 Kb2 69. Bb4 Kc2 70. Ba5 Kd1 71. Bb4 Kc2 72. Ba5 1/2-1/2

[Event "*** Titled Tuesday Blitz"]
[Site "Chess.com"]
[Date "2019.03.05"]
[Round "6"]
[White "TheBigBoss04"]
[Black "Dyadya81"]
[Result "0-1"]
[WhiteElo "2554"]
[BlackElo "2760"]
[TimeControl "180+2"]
[EndTime "14:27:40 PST"]
[Termination "Dyadya81 won by checkmate"]

1. d4 d5 2. c4 Nc6 3. cxd5 Qxd5 4. e3 e5 5. Nc3 Bb4 6. Bd2 Bxc3 7. bxc3 Qd6 8. Bd3 Nf6 9. Ne2 O-O 10. h3 e4 11.
Bc2 Be6 12. O-O Bc4 13. Re1 Rfe8 14. Nf4 Nd5 15. Qg4 Nxf4 16. exf4 Bd5 17. f5 Na5 18. Bxe4 h5 19. Qh4 Nc4 20. Bf4 Rxe4 21. Rxe4 Qd7 22. Re7 Qxf5 23. Rae1 Kh7 24. Rxc7 f6 25.
Ree7 Rg8 26. Qg3 Qb1+ 27. Kh2 Qg6 28. Qxg6+ Kxg6 29. g4 hxg4 30. hxg4 a5 31. Kg3 a4 32. Rc5 Nb6 33. Rb5 Nc8 34. Rc7 Bxa2 35. Rbxb7 Bb3 36.
c4 Kh7 37. d5 Bc2 38. Bd6 Nxd6 39. Ra7 Ne4+ 40. Kg2 Bb3 41. f3 Nd6 42. Rd7 Nxc4 43. d6 Ne5 44. Rdc7 Bd5 45. Rxa4 Nxf3 46. Kg3 Ne5 47. Rd4 Be6 48. Re7 Bxg4 49. d7 Bxd7 50. Rh4+ Kg6 51. Rh2 Bf5 52. Rd2 Rh8 53. Rd6 Rh3+ 54.
Kg2 Re3 55. Rc7 Bh3+ 56. Kg1 Ng4 57. Rd1 Rg3+ 58. Kh1 Nf2+ 59. Kh2 Rg2# 0-1

[Event "*** Titled Tuesday Blitz"]
[Site "Chess.com"]
[Date "2019.03.05"]
[Round "6"]
[White "Maili15"]
[Black "xLuring1"]
[Result "0-1"]
[WhiteElo "2284"]
[BlackElo "2414"]
[TimeControl "180+2"]
[EndTime "14:27:44 PST"]
[Termination "xLuring1 won by resignation"]

1. d4 Nf6 2. c4 Nc6 3. d5 Ne5 4.
Nc3 e6 5. Bf4 Nxc4 6. e4 Nb6 7.
dxe6 fxe6 8. Rc1 Bb4 9. Qd4 Bxc3+ 10. Rxc3 d6 11. Bg5 O-O 12. Nf3 e5 13. Qd3 Bd7 14.
Be2 Bc6 15. Nd2 Qe8 16. O-O Qg6 17. Bxf6 Rxf6 18. Bf3 Raf8 19. Re1 Kh8 20. b3 Nd7 21. b4 a6 22. Qc2 Nb8 23. a4 h6 24. Qb3 Qe8 25. b5 axb5 26. axb5 Bxb5 27. Rxc7 Bc6 28. Rb1 Na6 29. Rxb7 Bxb7 30. Qxb7 Nc5 31. Qd5 Qg6 32. Kh1 Qf7 33. Qc6 Qd7 34. Rb6 Qxc6 35. Rxc6 Ra8 36. h3 Kh7 37. Nc4 Ra6 38. Rxa6 Nxa6 39. Be2 Nc5 40.
f3 Nb7 41. Ne3 Rf8 42. Nd5 Nc5 43. Kg1 Ra8 44. Kf2 Ra2 45. Ke3 Ra3+ 46. Kf2 g5 47. g3 Kg6 48. Ke1 Kf7 49. Kd2 Ne6 50. Ne3 Nd4 51. Bd1 Ra2+ 52. Ke1 Rh2 53. h4 gxh4 54.
gxh4 Rxh4 55. Nd5 Rh1+ 56. Kd2 Rf1 57. Ne3 Rf2+ 58. Ke1 Rh2 59. Kf1 Rh1+ 60. Kg2 Rh5 61. f4 Rh4 62. fxe5 dxe5 63. Bf3 Nxf3 64. Kxf3 Rh3+ 65. Kf2 Rxe3 66. Kxe3 Kg6 67. Kf3 Kg5 68. Kg3 h5 69. Kf3 h4 70. Kg2 Kf4 71. Kh3 Kxe4 72. Kxh4 Kd3 73. Kg3 e4 74. Kf2 Kd2 0-1

[Event "*** Titled Tuesday Blitz"]
[Site "Chess.com"]
[Date "2019.03.05"]
[Round "6"]
[White "kinga2008"]
[Black "Karina_Oparina"]
[Result "0-1"]
[WhiteElo "1851"]
[BlackElo "2172"]
[TimeControl "180+2"]
[EndTime "14:27:46 PST"]
[Termination "Karina_Oparina won by resignation"]

1. e4 c6 2. d4 d5 3. e5 c5 4. c4 cxd4 5. Qxd4 Nc6 6. Qxd5 Qxd5 7. cxd5 Nxe5 8. Bf4 Ng6 9. Bg3 Nf6 10. Nc3 e6 11.
O-O-O a6 12. Bc4 b5 13. Bb3 e5 14. Nf3 Bd6 15. Rhe1 Nd7 16. Ne4 Ke7 17. Nxd6 Kxd6 18. Rd2 Bb7 19. Nd4 Rhg8 20. Nf5+ Kc5 21. Rc2+ Kb6 22.
f3 a5 23. Bf2+ Ka6 24. Nd6 f6 25. Rc7 Rac8 26. Nxc8 Rxc8 27. Rxc8 Bxc8 28. Kd2 a4 29. Bc2 Bb7 30. Be4 Nf4 31. d6 Bxe4 32. fxe4 Kb7 33. Rc1 Ne6 34. b3 axb3 35. axb3 Nb6 36. Rc5 Nxc5 37.
Bxc5 Nd7 38. b4 Kc6 39. Ke3 Nf8 40. Kf3 Ne6 41. Kg4 g6 42. Kf3 Kd7 43. g4 Ng5+ 44. Ke3 Nf7 45. h4 Nxd6 46. Bxd6 Kxd6 47. Kd3 h5 48. gxh5 gxh5 49. Ke3 Ke6 50. Kf3 f5 51.
exf5+ Kxf5 52. Ke3 e4 53. Kf2 Kf4 54. Ke2 e3 55. Ke1 Kg3 56. Ke2 Kxh4 57. Kxe3 Kg3 58. Ke2 Kg2 59. Ke3 h4 60. Kd4 h3 61. Kc5 h2 62.
Kxb5 h1=Q 63. Kb6 Qh6+ 64. Kc5 Qf8+ 65. Kc6 Qb8 66. b5 Kf3 67. b6 Ke4 0-1

[Event "*** Titled Tuesday Blitz"]
[Site "Chess.com"]
[Date "2019.03.05"]
[Round "6"]
[White "belisarius64"]
[Black "ChessWarrior7197"]
[Result "0-1"]
[WhiteElo "2472"]
[BlackElo "2838"]
[TimeControl "180+2"]
[EndTime "14:27:48 PST"]
[Termination "ChessWarrior7197 won on time"]

1. e4 c5 2. Nf3 d6 3. d4 cxd4 4. Nxd4 Nf6 5. Nc3 a6 6. h3 e6 7. g4 b5 8. g5 Nfd7 9. Bg2 Bb7 10. Be3 Nc6 11. h4 Rc8 12. Qe2 Nce5 13. O-O-O Nc4 14. Kb1 Nxe3 15. fxe3 Ne5 16. Rhf1 Qa5 17. Nb3 Qc7 18. Rd4 Be7 19. a3 Nc4 20. Nd1 O-O 21. Bh3 a5 22. Qg2 a4 23. Nc1 d5 24. g6 hxg6 25.
h5 gxh5 26. e5 Nxe5 27. Rg1 Ng6 28. Bxe6 fxe6 29. Qxg6 Bf6 30. Rd2 Qf7 31. Qg3 Rc4 32.
Nd3 h4 33. Qh3 e5 34. Rf2 Qh5 35. Qd7 Qf7 36. Nxe5 Qxd7 37. Nxd7 Be7 38. Nxf8 Bxf8 39. Nc3 Bxa3 40. Nxb5 Bf8 41. Nd4 Bc8 42. c3 h3 43.
Rgf1 Bd6 44. Rh1 h2 45. Rfxh2 Bxh2 46. Rxh2 Rc7 47. Kc2 Re7 48. Kd2 g5 49. Rh5 Rg7 50. Rh2 g4 51. Rg2 Kh7 52. Ne2 Kg6 53. Nf4+ Kf5 54.
Nxd5 Ke4 55. Nf4 Kf3 56. Rg1 g3 57. Rf1+ Ke4 58. Rg1 Rd7+ 59. Kc2 Kf3 60. Rf1+ Kxe3 61. Ng2+ Ke2 62. Rf8 Bb7 63. Nf4+ Ke3 64. Nh5 Be4+ 65. Kc1 g2 66. Rg8 Rf7 0-1

[Event "*** Titled Tuesday Blitz"]
[Site "Chess.com"]
[Date "2019.03.05"]
[Round "6"]
[White "Supernotar"]
[Black "ASVZ"]
[Result "1-0"]
[WhiteElo "2533"]
[BlackElo "2412"]
[TimeControl "180+2"]
[EndTime "14:27:49 PST"]
[Termination "Supernotar won by resignation"]

1. d4 e6 2. c4 b6 3. Nf3 Bb7 4. Nbd2 f5 5. g3 Nf6 6. Bg2 g6 7.
O-O Bg7 8. b3 O-O 9. Bb2 Qc8 10. Rc1 Ne4 11. Qc2 d6 12. Ne1 Nxd2 13. Qxd2 Bxg2 14. Nxg2 Nc6 15. d5 Bxb2 16. Qxb2 Ne5 17.
Nf4 exd5 18. cxd5 Rf7 19. Ne6 a5 20. Rc2 Ra7 21. Nd4 Qd7 22. Rfc1 f4 23. Ne6 f3 24. Rxc7 Rxc7 25. Rxc7 Qe8 26. Rxf7 Qxf7 27. Qc3 h6 28.
exf3 Nxf3+ 29. Kg2 Ne5 30. f4 Ng4 31. h3 Nf6 32.
Qc8+ Kh7 33. Qc6 Qe7 34. Kf3 g5 35. Qc2+ Kh8 36. Qg6 Nxd5 37. Qxh6+ Kg8 38. Qg6+ Kh8 39. Nxg5 Qe3+ 40. Kg4 Qe2+ 41. Kh4 Qe7 42. Qh6+ Kg8 43. Qg6+ Kf8 44. Qe6 Qxe6 45. Nxe6+ Ke7 46. Nd4 Nc3 47. a3 b5 48. f5 Kf6 49. g4 Ke5 50. Nc6+ Kf4 51.
Nxa5 d5 52. f6 d4 53. f7 d3 54. f8=Q+ Ke3 55. Qc5+ Kd2 56. Qb4 Kc2 57. Nc6 d2 58. Nd4+ Kb2 59. Ne2 d1=Q 60. Qxc3+ Ka2 61. Nc1+ Kb1 62.
Qd3+ Kxc1 63. Qxd1+ Kxd1 64. g5 Kc2 65. g6 Kxb3 66.
g7 Kxa3 67. g8=Q b4 68. Qg1 b3 69. Qb1 b2 70. Kg3 Kb3 71. h4 Kc3 72. h5 Kd2 73. h6 Ke3 74. Qxb2 Kd3 75. Qh2 Kc4 76. h7 Kd3 77. h8=Q 1-0

[Event "*** Titled Tuesday Blitz"]
[Site "Chess.com"]
[Date "2019.03.05"]
[Round "6"]
[White "1995Tiger"]
[Black "dopolian"]
[Result "0-1"]
[WhiteElo "1966"]
[BlackElo "2190"]
[TimeControl "180+2"]
[EndTime "14:27:52 PST"]
[Termination "dopolian won on time"]

1. d4 Nf6 2. c4 c5 3. d5 e6 4. Nc3 exd5 5. cxd5 d6 6. Nf3 g6 7. Nd2 b6 8. e4 Bg7 9. Bb5+ Nbd7 10. Bc6 Rb8 11. Nb5 Qe7 12. Nxa7 O-O 13. Nxc8 Rfxc8 14. O-O b5 15. a4 bxa4 16. Qxa4 Ne5 17. f3 Nxc6 18.
dxc6 Qc7 19. Nc4 d5 20. exd5 Nxd5 21. Kh1 Qxc6 22. Qxc6 Rxc6 23. Rd1 Bd4 24. g3 Re6 25. Ra7 Rbe8 26. Bd2 h5 27. Rd7 Nf6 28. Rd6 Rxd6 29. Nxd6 Re2 30. Nc4 Nd5 31. Re1 Rxe1+ 32. Bxe1 Ne3 33.
Nxe3 Bxe3 34. b3 Kf8 35. Kg2 Ke7 36. f4 Kd6 37. Kf3 Bg1 38. Ke4 f5+ 39. Kd3 Kd5 40. h4 Bd4 41. Kc2 Ke4 42. Kd2 Kf3 43. Kd3 Bg1 44. Kc4 Ke2 45. Bc3 Bf2 46. Bf6 Bxg3 47. Kxc5 Bxf4 48. b4 Be3+ 49. Kd5 f4 50. Be5 f3 51. Bg3 f2 52. Bxf2 Kxf2 53. b5 Kg3 54.
Ke4 Bb6 55. Ke5 Kxh4 56. Kf4 g5+ 57. Kf3 g4+ 58. Kg2 g3 59. Kh1 Kg4 60. Kg2 h4 61. Kh1 Bc5 62. Kg2 h3+ 63. Kf1 g2+ 0-1

[Event "*** Titled Tuesday Blitz"]
[Site "Chess.com"]
[Date "2019.03.05"]
[Round "6"]
[White "2nd_life"]
[Black "Gentlejimmy7"]
[Result "1/2-1/2"]
[WhiteElo "2408"]
[BlackElo "2402"]
[TimeControl "180+2"]
[EndTime "14:28:03 PST"]
[Termination "Game drawn - insufficient material"]

1. e4 e5 2. f4 exf4 3. Nf3 d5 4. exd5 Bd6 5. Bb5+ c6 6. dxc6 Nxc6 7. d4 Nf6 8. Qe2+ Be6 9. Ng5 O-O 10. Nxe6 fxe6 11. Bxc6 bxc6 12. Qxe6+ Kh8 13. O-O Qc7 14. Nd2 Rae8 15.
Qc4 Nd5 16. Nf3 Ne3 17. Bxe3 fxe3 18. Rae1 c5 19. dxc5 Bxc5 20. Re2 Qb6 21. c3 a5 22.
a3 Qd6 23. b4 axb4 24. axb4 Bb6 25. Qb5 Bc7 26. Qh5 Qd3 27. Rfe1 Qxc3 28. Qc5 Qxc5 29. bxc5 Ba5 30. Ra1 Bb4 31. c6 Rc8 32. Rc1 Rf6 33. Rxe3 h6 34. Re4 Ba5 35. Rec4 Bb6+ 36. Kh1 Re6 37. g3 Kh7 38. R1c2 g5 39. Kg2 Kg6 40. g4 h5 41. gxh5+ Kxh5 42. h3 Rg6 43. Rg4 Rcxc6 44. Rxc6 Rxc6 45. Rxg5+ Kh6 46. Rb5 Rg6+ 47. Kf1 Rf6 48.
Ke2 Re6+ 49. Kf1 Rf6 50. Rb3 Bc7 51. Kf2 Bb6+ 52. Kg3 Rg6+ 53. Kf4 Bc7+ 54. Kf5 Rg3 55. h4 Kh5 56. Rc3 Bd6 57. Rd3 Bc7 58. Ke4 Rg4+ 59.
Kf5 Rg3 60. Ke4 Rg4+ 61. Ke3 Bb6+ 62. Ke2 Re4+ 63. Kf1 Kg4 64. Nh2+ Kxh4 65. Nf3+ Kg4 66. Ne1 Rf4+ 67. Ke2 Rf2+ 68. Kd1 Kf4 69. Rf3+ Rxf3 70. Nxf3 Kxf3 1/2-1/2

[Event "*** Titled Tuesday Blitz"]
[Site "Chess.com"]
[Date "2019.03.05"]
[Round "6"]
[White "wenx95"]
[Black "DanielNaroditsky"]
[Result "1-0"]
[WhiteElo "2515"]
[BlackElo "2969"]
[TimeControl "180+2"]
[EndTime "14:28:08 PST"]
[Termination "wenx95 won by resignation"]

1. c4 e5 2. g3 h5 3. h3 Bc5 4. Bg2 d6 5. Nc3 Nc6 6. Nf3 Nge7 7. d3 a6 8. a3 Ba7 9. b4 Ng6 10. h4 Bg4 11. Nd5 Nce7 12. Bb2 Nxd5 13. cxd5 Ne7 14.
Qb3 Qd7 15. Rc1 Bb6 16. a4 a5 17. b5 Bxf3 18. Bxf3 Nf5 19. e3 Rh6 20. Ke2 Rf6 21. Rhg1 Nh6 22. Qc4 Ng4 23. Qe4 g6 24. Rc4 Nh2 25.
Bg2 Ng4 26. Bf3 Nh2 27. Bg2 Qg4+ 28. Qxg4 Nxg4 29. Rf1 Ke7 30. Bh3 Nh6 31. f4 Kd8 32. fxe5 Rxf1 33. Bxf1 Nf5 34. exd6 cxd6 35. Bf6+ Ke8 36.
Bh3 Kf8 37. Bxf5 gxf5 38. Kf3 Re8 39. Bg5 Re5 40. e4 fxe4+ 41. dxe4 Bc5 42. Bf4 Re8 43. e5 dxe5 44. Rxc5 exf4 45. Kxf4 Re1 46. b6 Rb1 47. Rxa5 Rxb6 48. Rb5 Ra6 49. Rxb7 Rxa4+ 50. Ke5 Ra5 51. Rc7 Ke8 52. Rc8+ Kd7 53. Rh8 Ra3 54. Rg8 Rf3 55. Rg5 Ke7 56. Ke4 Ra3 57. Kf4 Ra4+ 58. Ke5 Ra3 59. Kf4 Ra4+ 60. Kf3 Ra3+ 61. Kg2 Ra2+ 62. Kh3 Rf2 63. Rxh5 f5 64. Rh6 Rd2 65. d6+ Kf7 66. h5 Rd4 67. Rg6 Rd3 68. Kh4 Rc3 69. Kg5 Rxg3+ 70. Kxf5 Rf3+ 71. Ke5 Re3+ 72. Kd5 Re1 73.
Kc6 Rc1+ 74. Kd7 Ra1 75. Rg4 Kf6 76. Rh4 Kg5 77. Rh2 Ra2 78. Rxa2 1-0

[Event "*** Titled Tuesday Blitz"]
[Site "Chess.com"]
[Date "2019.03.05"]
[Round "6"]
[White "Shahinyan_ChessMood"]
[Black "PotapovaM"]
[Result "0-1"]
[WhiteElo "2613"]
[BlackElo "2435"]
[TimeControl "180+2"]
[EndTime "14:28:11 PST"]
[Termination "PotapovaM won by checkmate"]

1. c4 Nf6 2. Nc3 e6 3. e4 e5 4. Nf3 Nc6 5. a3 d6 6. d4 exd4 7. Nxd4 g6 8. Be3 Bg7 9. g3 O-O 10. Bg2 Ne5 11. b3 a6 12. h3 Re8 13. O-O Bd7 14. f4 Nc6 15. Kh2 Nxd4 16. Bxd4 Bc6 17. Qd3 Nh5 18. g4 Bxd4 19. Qxd4 Ng7 20. f5 g5 21. f6 Ne6 22. Qd2 Nf4 23. Rxf4 gxf4 24. Qxf4 Re5 25. h4 Qf8 26. g5 Rae8 27. Re1 Kh8 28.
Bh3 Rd8 29. Bf5 Bd7 30. Bxd7 Rxd7 31. Qg4 Rd8 32. Nd5 c6 33. Ne3 Rde8 34. Nf5 d5 35. Nh6 Rxe4 36. Rxe4 Rxe4 37. Qd7 Rxh4+ 38. Kg3 Re4 39.
Nxf7+ Kg8 40. Nh6+ Kh8 41. cxd5 cxd5 42. Qxd5 Qb8+ 43. Kg2 Re2+ 44. Kf3 Rb2 45. Nf7+ Kg8 46. Ne5+ Kh8 47. Nf7+ Kg8 48. Nd6+ Kh8 49. Nf7+ Kg8 50. Ne5+ Kh8 51. Qf7 Qg8 52. Qe7 Qxb3+ 53. Kg4 Rg2+ 54. Kf5 Rf2+ 55. Kg4 Qd1+ 56. Kh4 Qh1+ 57. Kg3 Qg1+ 58.
Kh4 Rh2# 0-1

[Event "*** Titled Tuesday Blitz"]
[Site "Chess.com"]
[Date "2019.03.05"]
[Round "6"]
[White "JosefineHeinemann"]
[Black "Mbneu"]
[Result "1/2-1/2"]
[WhiteElo "2390"]
[BlackElo "2243"]
[TimeControl "180+2"]
[EndTime "14:28:19 PST"]
[Termination "Game drawn by stalemate"]

1. e4 c5 2. Nf3 Nf6 3. Nc3 d5 4. exd5 Nxd5 5. Bb5+ Bd7 6. Ne5 Nf6 7. Nxd7 Nbxd7 8.
d4 e6 9. O-O a6 10. Be2 cxd4 11.
Qxd4 Bc5 12. Qh4 O-O 13. Rd1 Qc8 14. Bd3 Ne5 15. Ne4 Nxe4 16. Bxe4 Ng6 17. Qh5 Be7 18. Be3 Rd8 19. Bd3 Bf6 20. Rab1 Rd5 21. Qe2 Rd7 22.
b3 Qc7 23. c4 Rad8 24. Bc2 Bd4 25. Bg5 Bf6 26. Bxf6 gxf6 27. g3 Qc5 28. Be4 b6 29.
Rxd7 Rxd7 30. Rd1 Rxd1+ 31. Qxd1 Kg7 32. h4 Qe5 33. Bf3 f5 34. h5 Ne7 35. Qd2 h6 36.
Kg2 Ng8 37. Qd8 Qc5 38. Qd3 Nf6 39. Qc3 e5 40. b4 Qc7 41. c5 e4 42. Be2 bxc5 43. Qxc5 Qxc5 44. bxc5 a5 45. Kf1 Nd5 46. Ke1 Kf6 47. Kd2 Ke5 48. Bb5 Nc7 49. Bc4 f6 50. Ke3 Ne8 51. f4+ exf3 52. Kxf3 Nc7 53. Ke3 Ne8 54.
Bf7 Nc7 55. c6 Nb5 56. Kd3 Nc7 57. Kc4 Kd6 58. Bg6 Kxc6 59. Bxf5 Kd6 60. a4 Nd5 61. Kb5 Ke5 62. Bc8 Ne7 63. Bb7 Nf5 64. g4 Ne3 65. Bc8 Kf4 66. Kxa5 Nxg4 67. Bxg4 Kxg4 68. Kb4 f5 69.
Kc3 Kg3 70. a5 f4 71. a6 f3 72. a7 f2 73. a8=Q f1=Q 74. Qg8+ Kh4 75. Qg6 Qf3+ 76. Kd4 Qxh5 77. Qxh5+ Kxh5 78. Ke3 Kg4 79. Kf2 h5 80.
Kg1 h4 81. Kh1 h3 82. Kg1 Kg3 83. Kh1 h2 1/2-1/2

[Event "*** Titled Tuesday Blitz"]
[Site "Chess.com"]
[Date "2019.03.05"]
[Round "6"]
[White "731291"]
[Black "SerGo055"]
[Result "0-1"]
[WhiteElo "2670"]
[BlackElo "2503"]
[TimeControl "180+2"]
[EndTime "14:28:30 PST"]
[Termination "SerGo055 won by resignation"]

1. e4 d5 2. Nc3 dxe4 3. Nxe4 Nf6 4. Nxf6+ gxf6 5. Nf3 h5 6. h4 Nc6 7. Be2 Rg8 8. g3 Bg4 9. d3 Qd7 10. Be3 O-O-O 11.
O-O e5 12. Nh2 Bxe2 13. Qxe2 f5 14. Bg5 Be7 15. Bxe7 Qxe7 16. Qxh5 f4 17. Kg2 Nd4 18. Rae1 f6 19. c3 Ne6 20. Qf5 Kb8 21. d4 Ng7 22. Qxf4 exf4 23. Rxe7 Nf5 24. Re6 Nxh4+ 25. Kh3 Nf5 26. g4 Rh8+ 27. Kg2 Nh4+ 28. Kg1 f5 29. f3 fxg4 30. Nxg4 Rdg8 31. Kf2 Nf5 32. Rg1 Rf8 33. Rge1 b6 34. a4 Kb7 35. Ke2 Rh3 36. b4 Nh4 37.
Rf1 Rg3 38. Ne5 Nf5 39. b5 Rh8 40. Nc6 Rg2+ 41. Kd3 Nd6 42. Rf6 Rhh2 43. Rd1 a6 44. Rxf4 axb5 45. axb5 Nxb5 46. Nb4 Rb2 47. Rf7 Rb3 48. Nd5 Kc6 49. Kc4 Rhb2 50. Nb4+ Kb7 51. Kd5 Nxc3+ 52. Ke6 Nxd1 53. Nd5 Rc2 54. f4 Ne3 55.
Nf6 Rc6+ 56. Ke7 Nf5+ 57. Kd8 Nxd4 58. Ne8 Ne6+ 59. Ke7 Re3 60. Kd7 Nc5+ 61. Kd8 Ne6+ 62. Kd7 Nc5+ 63. Kd8 Na6 64. f5 Rxe8+ 65. Kxe8 b5 66.
Rd7 Nc5 67. Rd4 Rf6 68. Rf4 Nd3 69. Ke7 Nxf4 70. Kxf6 Kc6 71. Ke5 Nd5 72. f6 Nxf6 73. Kxf6 Kc5 74. Ke5 Kc4 0-1

[Event "*** Titled Tuesday Blitz"]
[Site "Chess.com"]
[Date "2019.03.05"]
[Round "6"]
[White "DanielMieles1985"]
[Black "Vuk2000"]
[Result "1-0"]
[WhiteElo "2662"]
[BlackElo "2727"]
[TimeControl "180+2"]
[EndTime "14:28:37 PST"]
[Termination "DanielMieles1985 won on time"]

1. d4 Nf6 2. c4 e6 3. Nc3 Bb4 4. Qc2 O-O 5. e4 d5 6. e5 Ne4 7. Bd3 c5 8. Nf3 cxd4 9. Nxd4 Bxc3+ 10. bxc3 Nd7 11. Bf4 Ndc5 12. O-O Nxd3 13. Qxd3 b6 14. cxd5 Qxd5 15. Rfd1 Bb7 16. f3 Nc5 17. Qe3 Qc4 18. Bg5 Rfc8 19. Ne2 Ba6 20. Ng3 Na4 21. Ne4 Nxc3 22.
Nxc3 Qxc3 23. Rd8+ Rxd8 24. Qxc3 Rdc8 25. Qa3 Bc4 26. Be7 b5 27. Rc1 a5 28. Bd6 Rc6 29. Qb2 a4 30. a3 f5 31. h4 Rac8 32. Kh2 Ra6 33. Qd4 Rac6 34. Qf4 Rb6 35. Qg5 Rb7 36. h5 h6 37. Qf4 Rf7 38. Qd4 f4 39. Kg1 Rf5 40. Kf2 Rxh5 41. Qxf4 Rf5 42. Qd4 Rd8 43. Qa7 Rf7 44. Qb6 Rc8 45. Qa6 Rd8 46. Rxc4 bxc4 47. Qxc4 Kh7 48. Qxe6 Rb7 49. Qc4 Kh8 50.
Qxa4 Rc8 51. Qa6 Rb2+ 52. Kg3 Rcc2 53. Qf1 Re2 54. a4 Ra2 55. a5 Reb2 56. a6 Rb6 57.
a7 Rxa7 58. Qf2 Rab7 59. Qe3 Rb3 60. Qe4 Rd7 61. Kh2 Rb6 62. Qf5 Rd8 63. g4 Re8 64. g5 hxg5 65. Qxg5 Kg8 66. Kg3 Rb7 67. Qg6 Rd8 68.
Qe6+ Kh7 69. Qf5+ Kg8 70. Qe6+ Kh7 71. f4 1-0

[Event "*** Titled Tuesday Blitz"]
[Site "Chess.com"]
[Date "2019.03.05"]
[Round "6"]
[White "Sajkochess"]
[Black "MathiasWomacka"]
[Result "1-0"]
[WhiteElo "2250"]
[BlackElo "2263"]
[TimeControl "180+2"]
[EndTime "14:28:45 PST"]
[Termination "Sajkochess won on time"]

1. e4 c5 2. Nf3 d6 3. d4 cxd4 4. Nxd4 Nf6 5. Nc3 a6 6. g3 e5 7. Nde2 Be7 8. Bg2 O-O 9. O-O Nbd7 10. a4 b6 11. Nd5 Nxd5 12. Qxd5 Qc7 13. Qxa8 Bb7 14.
Qxf8+ Bxf8 15. Nc3 h6 16. Be3 Nf6 17. h3 Bc6 18. Rfd1 Qb7 19. Nd5 Nxd5 20. exd5 Bd7 21. c4 a5 22. b4 axb4 23. Rdb1 Qc8 24. Rxb4 Bxh3 25. Bxb6 Bxg2 26. Kxg2 h5 27. a5 Qa6 28.
Bd8 f6 29. Raa4 Kf7 30. Bb6 g5 31. Be3 g4 32. Rb6 Qc8 33. a6 Qf5 34. Ra1 h4 35.
gxh4 Qf3+ 36. Kf1 Qh1+ 37. Ke2 Qxa1 38. Rb7+ Kg6 39. a7 Bh6 40. Rb8 Qa2+ 41. Kd3 e4+ 42.
Kc3 Bxe3 43. a8=Q Qd2+ 44. Kb3 Qd3+ 45. Kb4 Bd2+ 46. Kb5 Qb3+ 47. Kc6 Qxc4+ 48. Kd7 Bb4 49. Rg8+ Kf5 50. Qe8 Qxd5 51. Ke7 Kf4 52. Qf7 Qxf7+ 53. Kxf7 d5 54. h5 f5 55. h6 Bc3 56. h7 Kf3 57. Rg7 Bxg7 58. Kxg7 Kxf2 59. h8=Q f4 60. Qh2+ Kf3 61. Qh1+ Ke3 62. Qe1+ Kf3 63. Qf1+ Ke3 64. Qg1+ Kf3 65. Qd1+ Kg3 66. Qxd5 e3 67. Qe4 f3 68.
Qxe3 Kg2 69. Qe4 1-0

[Event "*** Titled Tuesday Blitz"]
[Site "Chess.com"]
[Date "2019.03.05"]
[Round "6"]
[White "Durarbayli"]
[Black "1stSecond"]
[Result "1-0"]
[WhiteElo "2787"]
[BlackElo "2747"]
[TimeControl "180+2"]
[EndTime "14:29:03 PST"]
[Termination "Durarbayli won by checkmate"]

1. e4 e5 2. Nf3 Nc6 3. Bb5 a6 4. Ba4 Nf6 5. d3 b5 6. Bb3 Bc5 7. Nc3 h6 8. Nd5 d6 9. Nxf6+ Qxf6 10. Bd5 Bd7 11. c3 Rb8 12. b4 Bb6 13. Qe2 Ne7 14. Bb3 Ng6 15. a4 O-O 16. a5 Ba7 17. Be3 Nf4 18.
Qf1 Bxe3 19. fxe3 Be6 20. exf4 Bxb3 21. f5 c5 22. Rb1 Ba4 23. Qe2 cxb4 24. cxb4 Rbc8 25. O-O Rc2 26. Qe3 Rfc8 27. Rfc1 Qd8 28. Rxc2 Rxc2 29. Rc1 Qc7 30. Rxc2 Qxc2 31. f6 Qb1+ 32. Kf2 Qxb4 33. Kg3 Qc5 34. Qd2 b4 35. fxg7 Kxg7 36. d4 exd4 37. Nxd4 Bd7 38. Kf3 Be6 39. h3 Qxa5 40. Nxe6+ fxe6 41. Qxd6 Qh5+ 42. Kf2 Qh4+ 43. Ke3 Qe1+ 44. Kf3 Qc3+ 45. Kg4 b3 46. Qe7+ Kh8 47. Qxe6 b2 48. Qxh6+ Kg8 49. Qe6+ Kf8 50. Qd6+ Ke8 51. Qe6+ Kd8 52. Qb6+ Kd7 53. Kf5 Qc2 54. Qb7+ Kd6 55. Qb6+ Ke7 56. Qb7+ Kd8 57. Qb6+ Kc8 58. Qxa6+ Kc7 59.
Qa7+ Kc6 60. Qa6+ Kd7 61. Qb7+ Kd8 62. Qb6+ Ke7 63. Qb7+ Kf8 64. Qb8+ Ke7 65. Qb7+ Ke8 66.
Qb8+ Kd7 67. Qb7+ Kd8 68. Qb6+ Kc8 69. Qa6+ Kc7 70. Qa7+ Kd6 71. Qb6+ Ke7 72. Qb7+ Kd8 73. Qb6+ Kc8 74. Qa6+ Kc7 75. Qa7+ Kc6 76. Qa6+ Kd7 77. Qb7+ Ke8 78. Ke6 Qc4+ 79. Kf6 Qd4+ 80. e5 Qd8+ 81.
Ke6 b1=Q 82. Qf7# 1-0

[Event "*** Titled Tuesday Blitz"]
[Site "Chess.com"]
[Date "2019.03.05"]
[Round "6"]
[White "Bad4life"]
[Black "Manukyan_Artak"]
[Result "0-1"]
[WhiteElo "2479"]
[BlackElo "2418"]
[TimeControl "180+2"]
[EndTime "14:29:08 PST"]
[Termination "Manukyan_Artak won on time"]

1. e4 c5 2. Nf3 a6 3. c3 d5 4. exd5 Qxd5 5. d4 Bg4 6. Be2 e6 7. O-O Nf6 8. Be3 cxd4 9. cxd4 Nc6 10. Nc3 Qd6 11. h3 Bh5 12. Qb3 Qb4 13. Qd1 Qxb2 14. Na4 Qa3 15. Nb6 Rd8 16. Rb1 Qxa2 17. Bc4 Qa5 18.
g4 Bg6 19. Rb3 Bb4 20. d5 O-O 21. Rb2 Nxd5 22. Nxd5 exd5 23. Ra2 Qc7 24. Bb3 d4 25. Bg5 Be7 26. Bd2 h5 27. Kg2 hxg4 28. hxg4 Be4 29. Rh1 Ne5 30. Bf4 Bd6 31. Bxe5 Bxe5 32. Re1 Qc6 33.
Rxe4 Qxe4 34. Kh3 d3 35. Ng5 Qf4 36. Nf3 Bf6 37. Ra4 Qh6+ 38. Kg2 Rd6 39. g5 Bxg5 40.
Rg4 Rg6 41. Qxd3 Qh5 42. Qf5 Kh8 43. Nxg5 Rh6 44. Nxf7+ Rxf7 45. Bxf7 Qh1+ 46. Kg3 Qh3+ 47. Kf4 Rf6 48. Qxf6 gxf6 49. Kf5 Qf3+ 50. Rf4 Qc3 51. Kg6 Qd3+ 52. Kxf6 Qd6+ 53. Kg5 Kg7 54. Bh5 Qe7+ 55. Kg4 b5 56. Rf5 Qe4+ 57. f4 Qg2+ 58. Kh4 Qf2+ 59. Kg4 b4 60. Rf7+ Kg8 61. Rf6 a5 62. Kf5 Qc2+ 63.
Kg5 b3 64. Rg6+ Kf8 65. Re6 Qg2+ 66. Kf5 Qd5+ 67. Re5 Qd3+ 68. Kf6 Qd6+ 69. Kg5 Qxe5+ 70.
fxe5 Ke7 0-1

[Event "*** Titled Tuesday Blitz"]
[Site "Chess.com"]
[Date "2019.03.05"]
[Round "6"]
[White "DrMelekess"]
[Black "nikitakhoroshev"]
[Result "1-0"]
[WhiteElo "2702"]
[BlackElo "2605"]
[TimeControl "180+2"]
[EndTime "14:29:13 PST"]
[Termination "DrMelekess won by resignation"]

1. d4 Nf6 2. Nf3 e6 3. c4 b6 4. g3 Ba6 5. Qc2 Bb4+ 6. Bd2 Be7 7. Bg2 O-O 8. O-O c6 9. Ne5 d5 10. cxd5 cxd5 11. Nc3 Nbd7 12. Nc6 Qe8 13. Qa4 Bb7 14. Bf4 a6 15. Rac1 Rc8 16. Nxe7+ Qxe7 17. Nb1 Nb8 18. Qb3 Nfd7 19. Rfd1 Nc6 20. Qd3 f5 21. h4 h6 22.
Qe3 Rfe8 23. Rc3 b5 24. Rdc1 b4 25. R3c2 Kf7 26. Nd2 Na5 27. Rc7 Bc6 28. Rxc8 Rxc8 29. Nf3 Nc4 30. Qb3 Bb5 31. Bf1 a5 32. a4 Ba6 33. e3 Ke8 34. Qa2 b3 35. Qxb3 Qd8 36.
Qa2 Bb7 37. b3 Ncb6 38. Qd2 Rxc1 39. Qxc1 Nc8 40. Bb5 Ke7 41. Bc7 Qg8 42. Bxa5 Nd6 43. Bb4 Qc8 44. Qxc8 Bxc8 45. Ne5 Nf6 46. Nc6+ Kd7 47.
Na7+ Nxb5 48. Nxb5 Ne4 49. Kg2 Ba6 50. f3 Bxb5 51.
axb5 Nf6 52. Bf8 Ne8 53. Kf2 Kc7 54. Bc5 Kb7 55. g4 g6 56. Bf8 h5 57. gxh5 gxh5 58. Kg3 Kb6 59. Kf4 Nf6 60. Be7 Ng8 61. Bc5+ Kxb5 62.
Ke5 Nh6 63. Kxe6 Kc6 64. Bf8 Ng4 65. fxg4 hxg4 66. Bd6 f4 67. Bxf4 g3 68. Bxg3 1-0